 Dungeon Crawl Stone Soup version 0.30-a0-779-g7971cf19c3 (webtiles) character file.

Game seed: 16776542548661431443

120 Leeroy the Slasher (level 5, 0/26 HPs)
             Began as a Vine Stalker Warper on Feb 17, 2023.
             Splashed by a jelly's acid (1 damage)
             ... on level 4 of the Dungeon.
             The game lasted 00:01:45 (1429 turns).

Leeroy the Slasher (Vine Stalker Warper)            Turns: 1429, Time: 00:01:45

Health: 0/26       AC: -8    Str: 13    XL:     5   Next: 4%
Magic:  0/9        EV: 12    Int: 13    God:
Gold:   224        SH:  0    Dex: 16    Spells: 3/8 levels left

rFire   . . .      SeeInvis .    a - +0 falchion
rCold   . . .      Faith    .    (no shield)
rNeg    + . .      Spirit   +    l - +1 robe {rN+}
rPois   .          Reflect  .    (no helmet)
rElec   .          Harm     .    (no cloak)
rCorr   .          Rampage  .    (no gloves)
Will    .....                    (no boots)
Stlth   +                        (no amulet)
HPRegen 1.04/turn                (no ring)
MPRegen 0.11/turn                (no ring)

@: corroded
A: fangs 2, regeneration 1, magic shield, antimagic bite, no potion heal 2
a: no special abilities


You were on level 4 of the Dungeon.
You visited 1 branch of the dungeon, and saw 4 of its levels.

You collected 224 gold pieces.

Inventory:

Hand Weapons
 a - a +0 falchion (weapon)
Missiles
 d - 7 boomerangs of dispersal (quivered)
 h - 3 poisoned darts
Armour
 b - a +0 leather armour
 l - a +1 robe of positive energy (worn)
Wands
 r - a wand of digging (7)
Scrolls
 c - 2 scrolls of blinking
 e - 2 scrolls of identify {unknown}
 j - 3 scrolls of teleportation {unknown}
 k - a scroll of vulnerability {unknown}
 m - 2 scrolls of enchant weapon {unknown}
 o - a scroll of noise {unknown}
 p - a scroll of enchant armour {unknown}
 s - a scroll of fog {unknown}
Potions
 f - a potion of lignification {unknown}
 g - a potion of degeneration {unknown}
 i - a potion of haste {unknown}
 n - a potion of brilliance {unknown}
 q - a potion of mutation {unknown}


   Skills:
 - Level 1.7 Fighting
 + Level 4.6 Long Blades
 - Level 0.8 Throwing
 - Level 0.7 Armour
 - Level 1.5 Dodging
 - Level 2.1 Spellcasting
 - Level 3.0 Translocations


You had 3 spell levels left.
You knew the following spells:

 Your Spells              Type           Power      Damage    Failure   Level
a - Blink                 Tloc           18%        N/A       11%         2
b - Vhi's Electric Charg  Tloc/Air       10%        N/A       38%         3

Your spell library contained the following spells:

 Spells                   Type           Power      Damage    Failure   Level
 Lesser Beckoning         Tloc           18%        N/A       11%         2
 Teleport Other           Tloc           9%         N/A       22%         3
 Manifold Assault         Tloc           9%         N/A       58%         4


Dungeon Overview and Level Annotations

Branches:
Dungeon (4/15)
 Temple: D:4-7

Altars:

Annotations:
D:3 Terence


Innate Abilities, Weirdness & Mutations

You have extremely sharp teeth.
Your natural rate of healing is unusually fast.
When hurt, damage is shared between your health and your magic reserves.
Your bite disrupts and absorbs the magic of your enemies.
Potions cannot restore your health.


Message History

The orc attacks as you move away! The orc barely misses you.
The orc attacks as you move away! The orc barely misses you.
The orc closely misses you.
There is a stone staircase leading down here.
The orc closely misses you.
You climb downwards.
Found three items.
There is a stone staircase leading up here.
You slash the orc!
You kill the orc!
A jelly comes into view.
A jelly is nearby!
A jelly is nearby!
Found 14 gold pieces.
The jelly quivers.
A dart slug comes into view.
You hit the jelly. The acid corrodes you!
Your hands burn!
You bite the jelly, but do no damage.
The jelly is moderately wounded.
The jelly misses you.
You barely miss the jelly. You bite the jelly. You drain its power.
You feel invigorated.
The jelly is moderately wounded.
The jelly closely misses you. The dart slug launches a dart at you.
The slug dart hits you.
You hit the jelly. The acid corrodes you!
Your hands burn!
The jelly is heavily wounded.
The jelly hits you.
You are splashed with acid!
You hit the jelly.
Your hands burn!
You bite the jelly, but do no damage.
The jelly is severely wounded.
The dart slug launches a dart at you. The slug dart hits you.
The jelly hits you. The acid corrodes you!
You are splashed with acid!
* * * LOW HITPOINT WARNING * * *
You are too injured to fight recklessly!
You are too injured to fight recklessly!
You are too injured to fight recklessly!
You hit the jelly. The acid corrodes you!
Your hands burn!
You die...

.. ... ### ...
..# ...# ... ....
..##...##...
.....#..##......
........)..#..#
#<...#..#
##.....#
...#......##...
........@.?w....
#.......J..!....
#.....?.....#...
.................
..$.......#.#.##
..........#.#.#
..##........ #
##..##....


You could see a jelly and a dart slug.

Vanquished Creatures
  A hound (D:3)
  A gnoll (D:1)
  3 adders
  3 dart slugs
  2 orcs
  3 endoplasms
  A giant cockroach (D:1)
  4 goblins
  2 hobgoblins (D:1)
  4 jackals (D:2)
  3 kobolds
  2 quokkas
  5 ball pythons
  4 bats
  5 frilled lizards
  5 rats
48 creatures vanquished.

Notes
Turn   | Place    | Note
-------+----------+-------------------------------------------
     0 | D:1      | Leeroy the Vine Stalker Warper began the quest for the Orb.
     0 | D:1      | Reached XP level 1. HP: 11/11 MP: 4/4
    66 | D:1      | Reached skill level 2 in Long Blades
   116 | D:1      | Reached XP level 2. HP: 9/15 MP: 3/6
   192 | D:1      | Reached skill level 3 in Long Blades
   290 | D:1      | Reached XP level 3. HP: 13/18 MP: 4/7
   293 | D:1      | Learned a level 2 spell: Blink
   297 | D:1      | Learned a level 3 spell: Vhi's Electric Charge
   878 | D:2      | Gained mutation: Your natural rate of healing is unusually
                  | fast. [Vine Stalker growth]
   878 | D:2      | Reached XP level 4. HP: 23/23 MP: 8/8
   953 | D:2      | Reached skill level 4 in Long Blades
  1374 | D:3      | Noticed Terence
  1379 | D:3      | Reached XP level 5. HP: 26/26 MP: 9/9
  1428 | D:4      | HP: 1/26 [acid (8)]
  1429 | D:4      | Splashed by a jelly's acid

Illustrated notes

Levels and vault maps discovered:
D:1:      ncdulo_lavacross, layout_rooms
D:2:      layout_basic
D:3:      layout_rooms, uniq_terence
D:4:      layout_cave_pools, grunt_temple_overflow_open, uniq_duvessa

Skill      XL: |  1  2  3  4 |
---------------+-------------+-----
Long Blades    | 2 3 4 |  4.6
Fighting       | |  1.7
Throwing       | |  0.8
Armour         | |  0.7
Dodging        | |  1.5
Spellcasting   | |  2.1
Translocations | |  3.0

Action                     |  1- 3 |  4- 6 || total
---------------------------+-------+-------++-------
  Melee: Falchion          |    81 |    51 ||   132
         Bite              |    24 |    16 ||    40
   Stab: Sleeping          |     1 |     1 ||     2
 Armour: Leather armour    |    33 |       ||    33
         Robe              |       |     7 ||     7
  Dodge: Dodged            |    56 |    41 ||    97

Table legend: (Time is in decaauts)
 A = Elapsed time spent in this place.
 B = Non-inter-level travel time spent in this place.
 C = Inter-level travel time spent in this place.
 D = Time resting spent in this place.
 E = Time spent auto-exploring this place.
 F = Levels seen in this place.
 G = Mean time per level.
                   A        B        C        D        E       F      G
               +--------+--------+--------+--------+--------+-----+--------+
         Total |   1444 |   1408 |     36 |      0 |   1043 |   4 |  361.0 |
       Dungeon |   1444 |   1408 |     36 |      0 |   1043 |   4 |  361.0 |
               +--------+--------+--------+--------+--------+-----+--------+

Top non-repeatable levels by time:
     D:2: 645 daAuts
     D:1: 567 daAuts
     D:3: 221 daAuts
     D:4: 10 daAuts
